 Dungeon Crawl Stone Soup version 0.25-a0-44-g29a1220a87 (webtiles) character file.

Game seed: 17044727834802638229, levelgen mode: deterministic

9155 Arangah the Cleaver (level 11, -7/94 HPs)
             Began as a Hill Orc Fighter on Oct 25, 2019.
             Was a Priest of Qazlal.
             Mangled by a skeletal warrior
             ... wielding a +0 war axe
             ... led by a death knight
              (16 damage)
             ... on level 11 of the Dungeon.
             The game lasted 00:26:13 (11820 turns).

Arangah the Cleaver (Hill Orc Fighter)             Turns: 11820, Time: 00:26:15

Health: -7/94      AC: 19    Str: 23    XL:     11   Next: 42%
Magic:  13/14      EV:  9    Int:  8    God:    Qazlal [***...]
Gold:   119        SH: 15    Dex: 10    Spells: 10/10 levels left

rFire    x . .     SeeInvis .   a - +2 hand axe (elec)
rCold    + . .     Gourm    .   c - +0 shield
rNeg     + + .     Faith    .   e - +0 plate armour
rPois    .         Spirit   .   A - +0 helmet
rElec    .         Reflect  .   (no cloak)
rCorr    .         Harm     .   I - +0 pair of gloves of Honkodd {*Drain +Blink +Inv rN++}
MR       .....                  J - +1 pair of boots
Stlth    ..........             (no amulet)
HPRegen  0.25/turn              q - +3 ring of evasion
MPRegen  0.14/turn              p - ring of ice

@: about to teleport, very slightly contaminated, slowed, invisible, very slow
A: no striking features
a: Upheaval, Elemental Force, Renounce Religion, Evoke Blink


You were on level 11 of the Dungeon.
You worshipped Qazlal.
Qazlal was most pleased with you.
You were not hungry.

You visited 2 branches of the dungeon, and saw 12 of its levels.

You collected 433 gold pieces.
You spent 314 gold pieces at shops.

Inventory:

Hand Weapons
 a - a +2 hand axe of electrocution (weapon)
 z - a +0 war axe
 E - a +3 hand axe
Missiles
 b - 13 boomerangs
 j - 6 curare-tipped darts
 r - 37 poisoned darts (quivered)
 y - 7 javelins
 B - 3 silver javelins
Armour
 c - a +0 shield (worn)
 e - a +0 plate armour (worn)
 A - a +0 helmet (worn)
 I - the +0 pair of gloves of Honkodd (worn) {*Drain +Blink +Inv rN++}
   (You bought it in a shop on level 9 of the Dungeon)

   It greatly protects you from negative energy.
   It lets you turn invisible.
   It lets you blink.
   It causes draining when unequipped.
 J - a +1 pair of boots (worn)
Jewellery
 o - an uncursed ring of stealth
 p - a ring of ice (right hand)
 q - a +3 ring of evasion (left hand)
 t - an uncursed ring of ice
Wands
 d - a wand of polymorph (11)
 x - a wand of flame (13)
Scrolls
 g - 3 scrolls of identify
 i - 2 scrolls of amnesia
 l - a scroll of teleportation
 m - 4 scrolls of remove curse
 n - 2 scrolls of magic mapping
 s - 2 scrolls of immolation
 u - a scroll of noise
 D - a scroll of torment {unknown}
 G - 2 scrolls of enchant weapon
Potions
 k - 2 potions of haste
 v - 2 potions of magic
 w - a potion of cancellation
 C - a potion of invisibility
 F - a potion of heal wounds
 H - a potion of resistance
Comestibles
 f - 30 rations
 h - 7 chunks of flesh


   Skills:
 + Level 8.2 Fighting
 + Level 12.7 Axes
 + Level 5.9 Throwing
 + Level 8.5 Armour
 + Level 9.2 Shields
 * Level 4.1 Evocations


You had 10 spell levels left.
You didn't know any spells.
Your spell library contained the following spells:

 Spells                   Type           Power        Failure   Level  Hunger
 Animate Skeleton         Necr           N/A          100%        1    ##.....
 Confusing Touch          Hex            #.....       100%        1    ##.....
 Freeze                   Ice            #...         100%        1    ##.....
 Pain                     Necr           #...         100%        1    ##.....
 Sandblast                Erth           #.....       100%        1    ##.....
 Shock                    Conj/Air       #...         100%        1    ##.....
 Summon Small Mammal      Summ           #...         100%        1    ##.....
 Call Imp                 Summ           #.......     100%        2    ###....
 Passwall                 Tmut/Erth      #.......     100%        2    ###....
 Swiftness                Chrm/Air       #.......     100%        2    ###....
 Throw Frost              Conj/Ice       #.....       100%        2    ###....
 Call Canine Familiar     Summ           #.......     100%        3    ####...
 Confuse                  Hex            #.......     100%        3    ####...
 Gell's Gravitas          Tloc           #.........   100%        3    ####...
 Ozocubu's Armour         Chrm/Ice       #.......     100%        3    ####...
 Regeneration             Chrm/Necr      #.........   100%        3    ####...
 Static Discharge         Conj/Air       #.......     100%        3    ####...
 Stone Arrow              Conj/Erth      #.....       100%        3    ####...
 Summon Guardian Golem    Hex/Summ       #.......     100%        3    ####...
 Vampiric Draining        Necr           #.........   100%        3    ####...
 Airstrike                Air            #.........   100%        4    #####..
 Animate Dead             Necr           N/A          100%        4    #####..
 Petrify                  Tmut/Erth      #.......     100%        4    #####..
 Summon Ice Beast         Ice/Summ       #.......     100%        4    #####..
 Summon Lightning Spire   Summ/Air       #.......     100%        4    #####..
 Throw Icicle             Conj/Ice       #.......     100%        4    #####..
 Lee's Rapid Deconstruct  Erth           #.........   100%        5    ######.
 Lightning Bolt           Conj/Air       #.........   100%        5    ######.
 Metabolic Englaciation   Hex/Ice        #.........   100%        5    ######.
 Yara's Violent Unravell  Hex/Tmut       #.........   100%        5    ######.


Dungeon Overview and Level Annotations

Branches:
Dungeon (11/15)            Temple (1/1) D:5             Orc (0/2) D:9
   Lair: D:8-11

Altars:
Cheibriados
Dithmenos
Elyvilon
Fedhas
Hepliaklqana
Kikubaaqudgha
Makhleb
Nemelex Xobeh
Okawaru
Qazlal
Ru
Sif Muna
Trog
Uskayaw
Vehumet
Wu Jian
Xom
Yredelemnul
Zin
The Shining One

Shops:
D:4 (   D:6 }[*:(   D:9 *:[}[


Message History

* * * LOW HITPOINT WARNING * * *
The freezing wraith drains your vigour!
You feel yourself slow down. You block the freezing wraith's attack.
The freezing wraith closely misses you.
You closely miss the wraith. You hit the freezing wraith.
Lightning courses through the freezing wraith!
You slash the orc wizard!
You hit the orc warrior but do no damage.
You block the wraith's attack. You block the freezing wraith's attack.
The freezing wraith hits you.
* * * LOW HITPOINT WARNING * * *
The freezing wraith drains your vigour!
You feel as though you will be slow longer.
As you read the scroll of teleportation, it crumbles to dust.
You feel strangely unstable. You block the orc's attack.
You block the wraith's attack.
You block the freezing wraith's attack. x2
The skeletal warrior is engulfed in freezing vapours.
The skeletal warrior hits you with a +0 long sword!
* * * LOW HITPOINT WARNING * * *
The skeletal warrior hits you with a +0 war axe!
You die...

......#.# ####+##..#(#.#
#........#.#.#
#..........#.## ..
#.............# ...
#.$...[.≈..≈..##
)..######.(.(ooo)..≈..≈#
..............zWW..≈..≈#
.............op@○..≈).≈#
.............hz≈o........#
.......÷.......#.≈^.≈.#..#
.......).#####.#.≈(...#..#
...............#.#..<.#..#
.......###≈#####.#.#..#..#
.....%. ≈≈# #.#....#
....../ ≈≈# #.####.#
....... ≈≈≈#


You could see a death knight, 2 skeletal warriors, a freezing wraith, a wraith,
an orc warrior, a hound, an orc wizard and 3 orcs.

Vanquished Creatures
  Fannar (D:10)
  A two-headed ogre (D:10)
  A fire crab (shapeshifter) (D:10)
  A centaur zombie (D:11)
  3 trolls
  A meliai zombie (D:10)
  2 hippogriffs
  4 hogs (D:8)
  A human (D:8)
  A hungry ghost (D:10)
  A swamp drake (D:9)
  5 orc warriors
  A hornet zombie (D:7)
  3 ice beasts
  2 black bears
  2 phantoms
  5 centaurs
  6 ogres
  2 big kobolds
  6 bullfrogs
  2 scorpions (D:7)
  7 howler monkeys
  4 wights (D:11)
  An electric eel (D:7)
  4 crimson imps
  A jelly (D:9)
  8 hounds
  8 orc priests
  13 orc wizards
  A bullfrog skeleton (D:10)
  A gnoll shaman (D:6)
  2 iguanas
  6 worker ants
  A hound zombie (D:7)
  11 gnolls
  10 adders
  A shadow imp (D:8)
  An ooze (D:3)
  4 worms
  3 dart slugs
  2 leopard geckos
  41 orcs
  5 bats
  3 giant cockroaches
  8 goblins
  4 hobgoblins
  7 jackals
  3 ball pythons
  7 frilled lizards
  13 kobolds
  A leopard gecko skeleton (D:9)
  A quokka skeleton (D:5)
  10 rats
243 creatures vanquished.

Notes
Turn   | Place    | Note
-------+----------+-------------------------------------------
     0 | D:1      | Arangah the Hill Orc Fighter began the quest for the Orb.
     0 | D:1      | Reached XP level 1. HP: 19/19 MP: 1/1
   168 | D:1      | Reached XP level 2. HP: 27/27 MP: 2/2
   362 | D:1      | Reached skill level 3 in Axes
   370 | D:1      | Reached XP level 3. HP: 32/33 MP: 3/3
   900 | D:2      | Found a shimmering blue altar of Sif Muna.
  1303 | D:2      | Reached XP level 4. HP: 31/41 MP: 4/4
  1632 | D:2      | Reached skill level 4 in Axes
  1976 | D:3      | Reached XP level 5. HP: 32/47 MP: 5/5
  2819 | D:4      | Reached skill level 5 in Axes
  2826 | D:4      | Reached XP level 6. HP: 51/53 MP: 6/6
  2939 | D:4      | Noticed a phantom
  2975 | D:4      | Reached skill level 6 in Axes
  3005 | D:4      | Killed a phantom
  3005 | D:4      | Reached skill level 1 in Throwing
  3005 | D:4      | Reached XP level 7. HP: 58/60 MP: 7/7
  3053 | D:4      | Reached skill level 5 in Shields
  3471 | D:4      | Found Ycsihu's Antique Weapon Shoppe.
  3751 | D:4      | Found a glowing golden altar of the Shining One.
  3945 | D:5      | Entered Level 5 of the Dungeon
  4054 | D:5      | Reached skill level 7 in Axes
  4164 | D:5      | Reached skill level 5 in Fighting
  4348 | D:5      | Found a sacrificial altar of Ru.
  4563 | D:5      | Found a staircase to the Ecumenical Temple.
  4572 | Temple   | Entered the Ecumenical Temple
  4644 | Temple   | Became a worshipper of Qazlal Stormbringer
  4683 | D:5      | Reached skill level 8 in Axes
  4683 | D:5      | Reached XP level 8. HP: 49/68 MP: 8/8
  5604 | D:6      | Reached skill level 5 in Armour
  5649 | D:6      | Found Witasch's Book Shop.
  5814 | D:6      | Found Rolef's General Store.
  5855 | D:6      | Found Etootz's Weapon Emporium.
  5896 | D:6      | Reached skill level 9 in Axes
  5980 | D:6      | Found Melit's Armour Shop.
  5986 | D:6      | Bought a +0 helmet for 67 gold pieces
  6192 | D:6      | Reached XP level 9. HP: 75/75 MP: 9/9
  6211 | D:6      | Found Heblitodghe's Gadget Shoppe.
  6267 | D:6      | Found a burning altar of Makhleb.
  6854 | D:7      | Reached skill level 10 in Axes
  6859 | D:7      | Reached * piety under Qazlal
  7526 | D:8      | Found a white marble altar of Elyvilon.
  7908 | D:8      | Found an ancient bone altar of Kikubaaqudgha.
  8052 | D:8      | Reached skill level 11 in Axes
  8062 | D:8      | Reached XP level 10. HP: 42/86 MP: 10/10
  8071 | D:8      | Reached ** piety under Qazlal
  8085 | D:8      | Reached skill level 5 in Throwing
  8383 | D:9      | Noticed a deep elf archer
  8613 | D:9      | Noticed a wizard
  9070 | D:9      | Found Dyashroz's General Store.
  9147 | D:9      | Found a shadowy altar of Dithmenos.
  9151 | D:9      | Found a basalt altar of Yredelemnul.
  9159 | D:9      | Found Gogeih's Antique Armour Shoppe.
  9168 | D:9      | Bought a pair of scorched gloves for 247 gold pieces
  9173 | D:9      | Identified the +0 pair of gloves of Honkodd {*Drain +Blink
                  | +Inv rN++} (You bought it in a shop on level 9 of the
                  | Dungeon)
  9208 | D:9      | Found a snail-covered altar of Cheibriados.
  9283 | D:9      | Found an iron altar of Okawaru.
  9494 | D:9      | Found a staircase to the Orcish Mines.
  9498 | D:9      | Reached skill level 1 in Evocations
  9792 | D:9      | Found Hocamoab's Antique Armour Shop.
  9797 | D:9      | Found Daonejy's Gadget Boutique.
  9877 | D:9      | Found Vicveosch's Book Shop.
 10066 | D:10     | Entered Level 10 of the Dungeon
 10102 | D:10     | Noticed a fire crab
 10102 | D:10     | a jumping spider changed into a fire crab
 10107 | D:10     | Killed a fire crab
 10107 | D:10     | Reached skill level 12 in Axes
 10372 | D:10     | Got a smoking buckler
 10373 | D:10     | Identified the -4 buckler of Nyihi {Slay+2} (You found it
                  | on level 10 of the Dungeon)
 10562 | D:10     | Reached *** piety under Qazlal
 10638 | D:10     | Noticed Fannar
 10701 | D:10     | Killed Fannar
 10701 | D:10     | Reached XP level 11. HP: 42/94 MP: 13/13
 10993 | D:10     | Noticed Sonja
 10994 | D:10     | Noticed Sonja
 10994 | D:10     | Sonja changed into Sonja the troll
 11015 | D:10     | Killed Sonja the troll
 11481 | D:10     | Noticed a two-headed ogre
 11491 | D:10     | Killed a two-headed ogre
 11808 | D:11     | Noticed a death knight
 11810 | D:11     | Noticed a skeletal warrior
 11812 | D:11     | Noticed a skeletal warrior
 11820 | D:11     | Mangled by a skeletal warrior

Levels and vault maps discovered:
D:1:      dpeg_arrival_subterranean_lakeside_camping, layout_basic,
          minmay_pentomino_w2
D:2:      layout_rooms, led_sif_pool
D:3:      layout_basic
D:4:      layout_gridville, tso_oasis_becter, serial_shops, shop, first_ration
D:5:      layout_layer_cave, minmay_temple_entry_slanted,
          nicolae_ru_sacrificial_ziggurat
D:6:      layout_loops_corners, serial_shops, nicolae_shop_window_shopping,
          shop, kennysheep_mini_moat, kennysheep_little_box, shop,
          makhleb_heckhound_becter
D:7:      cheibrodos_helix_gallery, layout_cave_pools, serial_column_ruins,
          column_ruins_square_large, column_ruins_square_medium,
          column_ruins_columns_dead_end, column_ruins_columns_corner,
          column_ruins_open_small, column_ruins_corridor_plus,
          column_ruins_grid_4
D:8:      layout_basic, lemuel_coloured_pillars_altar, basic_altar,
          grunt_livestock, minmay_misc_feat_roman
D:9:      layout_long_grid, okawaru_trees_2, grunt_temple_overflow_open,
          erik_orc_1, basic_altar, serial_shops, shop, kennysheep_mini,
          nicolae_shop_overgrown_old_shop, shop_fountains, shop,
          onia_ninara_dug_in_and_dangerous
D:10:     layout_basic, uniq_fannar, uniq_sonja
D:11:     minmay_chambers_of_sixes, layout_basic, erik_lair_dragon,
          gammafunk_ghost_necromancy
Temple:   regret_index_temple_waves

Skill      XL: |  1  2  3  4  5  6  7  8  9 10 11 |
---------------+----------------------------------+-----
Fighting       | 4 5 6 7 8 |  8.2
Axes           | 3 4 5 6 8 9 11 12 | 12.7
Shields        | 4 5 6 7 8 9 |  9.2
Armour         | 4 5 6 8 |  8.5
Throwing       | 1 2 3 4 5 |  5.9
Evocations     | 3 4 |  4.1

Action                   |  1- 3 |  4- 6 |  7- 9 | 10-12 || total
-------------------------+-------+-------+-------+-------++-------
Melee: War axe           |   119 |   197 |   210 |       ||   526
       Hand axe          |       |       |   148 |   353 ||   501
Throw: Dart              |       |     7 |    71 |    39 ||   117
       Boomerang         |       |    29 |     2 |       ||    31
       Javelin           |       |       |     5 |     6 ||    11
 Abil: Evoke Invisibilit |       |       |       |     1 ||     1
Evoke: Wand              |       |       |       |     1 ||     1
  Use: Potion            |     1 |       |       |       ||     1
       Scroll            |       |       |    10 |    10 ||    20
  Eat: Chunk             |     1 |     6 |    17 |    12 ||    36
Armor: Plate armour      |    94 |   124 |   127 |   122 ||   467
Dodge: Dodged            |    22 |    41 |    78 |    58 ||   199
Block: Shield            |    77 |    95 |   158 |   184 ||   514

Table legend:
 A = Non-vault XP
 B = Vault XP
 C = Vault XP percentage of total XP
 D = Non-vault monster count
 E = Vault monster count
 F = Vault count percentage of total count
                 A         B        C        D         E       F
            +---------+---------+-------+---------+---------+-------
      Total |   10030 |    3049 |  23.3 |     208 |      35 |  14.4
            +---------+---------+-------+---------+---------+-------
        D:1 |      34 |      11 |  24.4 |      20 |       8 |  28.6
        D:2 |      84 |       0 |   0.0 |      19 |       0 |   0.0
        D:3 |      86 |       0 |   0.0 |      22 |       0 |   0.0
        D:4 |     616 |       0 |   0.0 |      19 |       0 |   0.0
        D:5 |     460 |       0 |   0.0 |      10 |       0 |   0.0
        D:6 |    1227 |      42 |   3.3 |      26 |       1 |   3.7
        D:7 |     800 |      71 |   8.2 |      14 |       2 |  12.5
        D:8 |    1002 |     997 |  49.9 |      25 |       5 |  16.7
        D:9 |    1478 |     609 |  29.2 |      18 |      17 |  48.6
       D:10 |    2870 |    1319 |  31.5 |      21 |       2 |   8.7
       D:11 |    1373 |       0 |   0.0 |      14 |       0 |   0.0
            +---------+---------+-------+---------+---------+-------
